 Dungeon Crawl Stone Soup version 0.29.1-2-gbd0b4ee654 (webtiles) character file.

Game seed: 8474403634195177777

168 MisterFreud the Twirler (level 5, -4/39 HPs)
             Began as a Formicid Gladiator on Nov 1, 2022.
             Slain by an orc warrior
             ... wielding a +0 dire flail
              (9 damage)
             ... on level 6 of the Dungeon.
             The game lasted 00:01:53 (2159 turns).

MisterFreud the Twirler (Formicid Gladiator)        Turns: 2159, Time: 00:01:53

Health: -4/39      AC:  8    Str: 21    XL:     5   Next: 77%
Magic:  5/5        EV:  8    Int:  7    God:
Gold:   22         SH:  0    Dex: 15    Spells: 4/4 levels left

rFire   . . .      SeeInvis +   a - +0 quarterstaff
rCold   . . .      Faith    .   (no shield)
rNeg    . . .      Spirit   .   j - +0 chain mail
rPois   .          Reflect  .   (helmet unavailable)
rElec   .          Harm     .   (no cloak)
rCorr   .          Rampage  .   (no gloves)
Will    .....                   (no boots)
Stlth   ..........              (no amulet)
HPRegen 0.13/turn               (no ring)
MPRegen 0.09/turn               (no ring)

@: no status effects
A: permanent stasis, dig shafts and tunnels, antennae 3, four strong arms
a: Dig, Shaft Self


You were on level 6 of the Dungeon.
You visited 1 branch of the dungeon, and saw 5 of its levels.

You collected 22 gold pieces.

Inventory:

Hand Weapons
 a - a +0 quarterstaff (weapon)
Missiles
 c - 3 throwing nets (quivered)
 d - a javelin
 e - 4 poisoned darts
Armour
 b - a +0 leather armour
 j - a +0 chain mail (worn)
Potions
 g - a potion of heal wounds {unknown}
 h - a potion of haste {unknown}


   Skills:
 + Level 2.3 Fighting
 - Level 6.0 Staves
 - Level 2.0 Throwing
 - Level 2.6 Dodging


You had 4 spell levels left.
You didn't know any spells.
Your spell library contained the following spells:

 Spells                   Type           Power      Damage    Failure   Level
 Static Discharge         Conj/Air       0%         3-3/arc   100%        2
 Conjure Flame            Conj/Fire      0%         6-21      100%        3
 Ignite Poison            Fire/Tmut/Pois 0%         N/A       100%        3
 Dispel Undead            Necr           0%         3d6       100%        4
 Sticky Flame             Conj/Fire      0%         2d3       100%        4


Dungeon Overview and Level Annotations

Branches:
Dungeon (2/15)

Altars:
Ru


Innate Abilities, Weirdness & Mutations

You cannot be hasted, slowed, berserked, paralysed or teleported.
You can dig through walls and to a lower floor.
You have a pair of large antennae on your head. (SInv)
Your four strong arms can wield two-handed weapons with a shield.


Message History

You hit the orc priest.
You kill the orc priest!
Training target 6.0 for Staves reached!
Your Staves skill increases to level 6!
You need to enable at least one skill for training.
You sock the iguana!
The iguana is heavily wounded.
The iguana bites you!
* * * LOW HITPOINT WARNING * * *
You barely miss the iguana.
The iguana is heavily wounded.
The iguana bites you.
* * * LOW HITPOINT WARNING * * *
Are you sure you want to shaft yourself?
The iguana barely misses you.
You begin to dig a shaft.
You continue digging a shaft.
The iguana barely misses you. A shaft appears beneath you!
You fall into a shaft and drop 1 floor!
The shaft crumbles and collapses.
You start resting.
You sense a monster nearby.
An orc warrior comes into view. It is wielding a +0 dire flail.
The orc warrior shouts!
You sock the orc warrior!
The orc warrior is moderately wounded.
The orc warrior completely misses you.
You barely miss the orc warrior.
The orc warrior is moderately wounded.
The orc warrior hits you with a +0 dire flail.
You hit the orc warrior but do no damage.
The orc warrior is moderately wounded.
The orc warrior hits you with a +0 dire flail!
You are too injured to fight recklessly!
Are you sure you want to shaft yourself?
The orc warrior hits you with a +0 dire flail!
* * * LOW HITPOINT WARNING * * *
You begin to dig a shaft.
You continue digging a shaft.
The orc warrior hits you with a +0 dire flail!
You die...

# ##. # ..
..#.#.### #
........##.#
#.....o....#
#@###.#
#....#
#####.#


You could see an orc warrior.

Vanquished Creatures
  A scorpion (D:5)
  2 orc priests (D:5)
  A worm (D:2)
  A dart slug (D:1)
  An orc (D:5)
  3 ball pythons
  5 bats (D:1)
  2 endoplasms (D:2)
  A giant cockroach (D:1)
  3 goblins
  4 hobgoblins (D:1)
  3 quokkas (D:1)
  A frilled lizard (D:1)
  10 kobolds
  4 rats
42 creatures vanquished.

Vanquished Creatures (others)
  3 fungi (D:2)
  2 toadstools (D:2)
5 creatures vanquished.

Grand Total: 47 creatures vanquished

Notes
Turn   | Place    | Note
-------+----------+-------------------------------------------
     0 | D:1      | MisterFreud the Formicid Gladiator began the quest for the
                  | Orb.
     0 | D:1      | Reached XP level 1. HP: 16/16 MP: 1/1
    10 | D:1      | Found a faded altar of an unknown god.
    73 | D:1      | Reached XP level 2. HP: 22/22 MP: 2/2
   699 | D:1      | Reached skill level 4 in Staves
   699 | D:1      | Reached XP level 3. HP: 23/27 MP: 3/3
  1581 | D:2      | You fall into a shaft and drop 2 floors!
  1790 | D:4      | Noticed an ogre
  1796 | D:4      | You fall into a shaft and drop 1 floor!
  1796 | D:5      | Entered Level 5 of the Dungeon
  1830 | D:5      | Found a sacrificial altar of Ru.
  1839 | D:5      | Reached XP level 4. HP: 29/33 MP: 4/4
  1872 | D:5      | Noticed a scorpion
  1884 | D:5      | Killed a scorpion
  1885 | D:5      | Reached skill level 5 in Staves
  1885 | D:5      | Reached XP level 5. HP: 32/38 MP: 5/5
  1963 | D:5      | Reached skill level 6 in Staves
  1967 | D:5      | You fall into a shaft and drop 1 floor!
  2153 | D:6      | Noticed an orc warrior
  2159 | D:6      | Slain by an orc warrior

Illustrated notes

Levels and vault maps discovered:
D:1:      dpeg_arrival_short_road, layout_basic, serial_co_window_serial,
          co_window_paths_b, co_window_corner_a, co_window_paths_b,
          co_window_corner_a, co_window_of_opportunity_a,
          co_window_of_opportunity_a, co_window_paths_a, co_window_2corner,
          co_window_corner_b, co_window_2corner, co_window_broadway_c,
          co_window_unsneaky_path_d, co_window_paths_c, co_window_paths_d,
          glass_columns_a, glass_columns_a, basic_ecumenical_altar
D:2:      cheibrodos_fertilizer, layout_loops_ring
D:4:      layout_rooms, serial_shops, nicolae_shop_hallway_stairs, shop, shop,
          nicolae_diamond_shop, shop_fountains
D:5:      nicolae_cairo_tiling_very_big, layout_loops_cross,
          makhleb_altar_promises_db, mainiacjoe_overflow_six_doors_small,
          mainiacjoe_overflow_concentric_impassable,
          minmay_temple_entry_overgrown, hangedman_glass_teeth
D:6:      layout_loops_cross, kennysheep_generic_room_16

Skill      XL: |  1  2  3  4  5 |
---------------+----------------+-----
Staves         | 4 5 6 |  6.0
Fighting       | |  2.3
Throwing       | |  2.0
Dodging        | |  2.6

Action                   |  1- 3 |  4- 6 || total
-------------------------+-------+-------++-------
Melee: Quarterstaff      |   118 |    22 ||   140
       Punch             |     2 |     1 ||     3
 Abil: Shaft Self        |     2 |     2 ||     4
  Use: Scroll            |     4 |       ||     4
 Stab: Sleeping          |     1 |       ||     1
Armor: Leather armour    |    22 |       ||    22
       Chain mail        |    15 |     4 ||    19
Dodge: Dodged            |    91 |    12 ||   103
